Cogmind - Beta 14 @@@ ROGUE MODE // 2024.11.25 @ 12:22:54 Player: Fangrelle Result: Destroyed by G-47 Trooper with Particle Gun Performance ------------- Evolutions (2) 1000 Regions Visited (3) 600 Robots Destroyed (111) 555 Value Destroyed (2991) 2991 Prototype IDs (3) 60 Alien Tech Used (0) 0 Bonus (292) 292 TOTAL SCORE: 5498 Bonus ------- High Alert Combat Kills 292 Cogmind --------- Core Integrity 0/550 Matter 34/300 Energy 41/100 System Corruption 0% Temperature Warm (174) Movement Core (1450) Ox28 Location -8/Materials Parts ------- > --- POWER (1) -------- (None) > --- PROPULSION (2) --- (None) > --- UTILITY (4) ------ Huge Storage Unit Advanced Targeting Computer > --- WEAPON (4) ------- Missile Launcher > --- INVENTORY (25) --- Advanced Heat Sink High-capacity Matter Pod (200) High-capacity Matter Pod (200) Improved Salvage Targeting Computer Improved Salvage Targeting Computer Improved Salvage Targeting Computer Improved Shield Generator Improved Shield Generator Improved Shield Generator Hacking Suite Hacking Suite System Restoration Module High-powered Tractor Beam Cobbler Unit Autobeam Heavy Assault Cannon Heavy Assault Cannon Heavy Assault Cannon Multitool Makeshift Axe Peak State ------------ > --- POWER ------------ Nuclear Core > --- PROPULSION ------- Armored Wheel Armored Wheel > --- UTILITY ---------- Huge Storage Unit Advanced Visual Processing Unit Improved Targeting Computer High-powered Tractor Beam > --- WEAPON ----------- Plasma Cannon Plasma Cannon Plasma Cannon Makeshift Axe > --- INVENTORY -------- Improved Heat Sink High-capacity Storage Unit Huge Storage Unit Humpback High-capacity Matter Pod High-capacity Matter Pod Improved Targeting Computer Hardened Medium Armor Plating Hardened Medium Armor Plating Makeshift Light Armor Plating Makeshift Light Armor Plating Hardlight Generator Hacking Suite Hacking Suite High-powered Tractor Beam Cobbler Unit Autobeam Missile Launcher Datajack Multitool Flamer Flamer Flamer [Rating: 37] Favorites ----------- Power Improved Ion Engine Engine Improved Ion Engine Power Core Nuclear Core Propulsion Light Treads Treads Light Treads Leg Carbon-fiber Leg Wheel Armored Wheel Hover Unit Aerolev Unit Utility Huge Storage Unit Device Improved Heat Sink Storage Huge Storage Unit Processor Advanced Visual Processing Unit Hackware Hacking Suite Protection Hardened Medium Armor Plating Weapon Makeshift Axe Energy Gun Medium Laser Energy Cannon Plasma Cannon Ballistic Gun Light Assault Rifle Ballistic Cannon Heavy Assault Cannon Launcher Missile Launcher Special Weapon Flamer Slashing Weapon Makeshift Axe Special Melee Weapon Datajack Build | -11 -10 -10 -8 ------- Run | Yrd Mat Sub Mat Slots Evolved 4 | . . . 4 Power . | . . . . Propulsion . | . . . . Utility 2 | . . . 2 Weapon 2 | . . . 2 Parts Attached 99 | . 20 24 55 Power 10 | . 1 4 5 Engine 9 | . 1 4 4 Core 1 | . . . 1 Reactor . | . . . . Propulsion 19 | . 6 4 9 Treads 11 | . 6 . 5 Leg 2 | . . . 2 Wheel 5 | . . 4 1 Hover 1 | . . . 1 Flight . | . . . . Utility 34 | . 7 6 21 Device 11 | . 2 2 7 Storage 6 | . 3 1 2 Processor 6 | . 1 . 5 Hackware 1 | . . . 1 Protection 10 | . 1 3 6 Artifact . | . . . . Weapon 36 | . 6 10 20 Energy Gun 12 | . 4 7 1 Energy Cannon 4 | . . . 4 Ballistic Gun 7 | . 2 1 4 Ballistic Cannon 6 | . . 1 5 Launcher 1 | . . . 1 Special Weapon 4 | . . . 4 Impact Weapon . | . . . . Slashing Weapon 1 | . . 1 . Piercing Weapon . | . . . . Special Melee Weapon 1 | . . . 1 Unidentified Prototypes 3 | . . . 3 Parts Lost 23 | . 3 7 13 Power 7 | . 1 2 4 Propulsion 6 | . . 2 4 Utility 5 | . 1 1 3 Weapon 5 | . 1 2 2 Highest Loss Streak 6 | . 2 2 6 To Critical Strikes . | . . . . Average Slot Usage (%) 88 | . 99 91 83 Engine 9 | . 14 12 6 Treads 9 | . 27 . 8 Leg 2 | . . . 3 Wheel 9 | . . 27 5 Device 7 | . 9 11 5 Storage 10 | . 14 9 10 Processor 6 | . 2 . 9 Protection 3 | . 1 1 5 Energy Gun 8 | . 21 19 . Energy Cannon 3 | . . . 5 Ballistic Gun 5 | . 6 . 6 Ballistic Cannon 4 | . . 2 6 Special Weapon 1 | . . . 2 Slashing Weapon 5 | . . 4 6 Peak Build Rating 37 | . 12 24 37 Average Rating 24 | . 9 18 31 On Entrance 11 | 6 6 12 22 Naked Turns . | . . . . Heaviest Build 309 | 12 89 95 309 Greatest Support 43 | 20 40 24 43 Greatest Overweight (x) 71 | . 2 7 71 Average Overweight (x) 3 | . . 2 6 Largest Inventory Capacity 35 | . 25 25 35 Average Capacity 25 | . 18 18 30 Most Carried 35 | . 24 25 35 Average Carried 22 | . 13 16 27 Final Capacity 25 | 8 25 25 25 Final Carried 24 | 6 24 23 24 Class Distribution -------------------- 41% | Mutant 15% | Hauler-Tank 13% | Hauler-Mutant 7% | Gunner 5% | Scavenger-Mutant 5% | Scavenger-Skirmisher 4% | Scavenger-Tank Dominant Class ---------------- Mutant | -10/Materials Mutant | -10/Subcaves Hauler-Tank | -8/Materials Resources | -11 -10 -10 -8 ----------- Run | Yrd Mat Sub Mat Matter Collected 3805 | 200 557 892 2156 Remotely 1031 | . . . 1031 Salvage Created 3407 | . 781 547 2079 Parts 196 | . 42 29 125 Haulers Intercepted 4 | . 1 . 3 Recyclers Shooed 4 | . 2 . 2 Parts Field Recycled . | . . . . Retrieved Matter . | . . . . Parts Self-Destructed 13 | . . 13 . Prevented 2 | . . 2 . Kills | -11 -10 -10 -8 ------- Run | Yrd Mat Sub Mat Combat Hostiles Destroyed 77 | . 19 14 44 Melee 9 | . . . 9 Guns 41 | . 19 12 10 Cannons 20 | . . 2 18 AOE 7 | . . . 7 Classes Destroyed 16 | . 6 3 7 Worker 6 | . . . 6 Builder 3 | . . . 3 Tunneler 2 | . 1 . 1 Hauler 4 | . 1 . 3 Recycler 3 | . . . 3 Mechanic 3 | . . . 3 Operator 5 | . 2 . 3 Turret 2 | . . 2 . Watcher 6 | . 2 . 4 Swarmer 24 | . 6 7 11 Grunt 33 | . 13 1 19 Brawler 4 | . . . 4 Protector 1 | . . . 1 Sentry 9 | . . . 9 Cobbler 1 | . . 1 . Subdweller 6 | . . 6 . Best Kill Streak 12 | . 2 4 12 Combat Bots Only 7 | . 2 4 7 Max Kills in Single Turn 6 | . 1 1 6 Gunslinging . | . . . . Exploded 3 | . . . 3 Melee 1 | . . . 1 Uniques/NPCs Destroyed . | . . . . Combat | -11 -10 -10 -8 -------- Run | Yrd Mat Sub Mat Hostile Shots Fired 564 | . 124 122 318 Missed 136 | . 32 34 70 Damage Taken 5248 | . 901 972 3375 Core 789 | . 95 137 557 Absorbed by Shields 255 | . . . 255 Core Remaining (%) 53 | 100 . 7 . Volleys Fired 279 | . 86 64 129 Largest 3 | . 2 2 3 Hottest 300 | . 100 110 300 Shots Fired 559 | . 169 107 283 Gun 347 | . 169 89 89 Cannon 185 | . . 18 167 Launcher 3 | . . . 3 Special 24 | . . . 24 Kinetic 273 | . 28 20 225 Thermal 199 | . 131 14 54 Explosive 3 | . . . 3 Electromagnetic 84 | . 10 73 1 Robot Hit Streak 13 | . 10 13 10 Robot Miss Streak 6 | . 5 3 6 Penetration Max 1 | . . . 1 Secondary Targets 8 | . 5 3 . Max Gunslinging Chain 1 | . 1 1 . Shots Hit Robots 355 | . 103 68 184 Core Hits 176 | . 46 28 102 Critical Kills 1 | . 1 . . Critical Parts Destroyed . | . . . . Critical Strikes 27 | . 9 4 14 Burn 10 | . 8 2 . Destroy 1 | . 1 . . Blast 10 | . . . 10 Corrupt 1 | . . 1 . Sever 5 | . . 1 4 Melee Attacks 55 | . . 10 45 Impact . | . . . . Slashing 55 | . . 10 45 Piercing . | . . . . Sneak Attacks 5 | . . . 5 Combat Hostiles . | . . . . Follow-up Attacks . | . . . . Damage Inflicted 9230 | . 1230 1157 6843 Guns 2841 | . 1230 718 893 Cannons 3430 | . . 175 3255 Explosions 1420 | . . 64 1356 Melee 1403 | . . 200 1203 Ramming . | . . . . Kinetic 4112 | . 128 186 3798 Thermal 1848 | . 1064 232 552 Explosive 1269 | . . . 1269 Electromagnetic 598 | . 38 539 21 Impact . | . . . . Slashing 1403 | . . 200 1203 Piercing . | . . . . Highest Corruption . | . . . . Average Corruption . | . . . . Corruption Purged . | . . . . Corruption Blocked . | . . . . Overload Shots . | . . . . Overflow Damage 398 | . . 8 390 Projectiles 185 | . . . 185 Explosions 96 | . . . 96 Melee 117 | . . 8 109 Knockbacks 21 | . . 1 20 Impact . | . . . . Kinetic 19 | . . 1 18 Secondary 2 | . . . 2 Self-Inflicted Damage 106 | . . . 106 Shots 3 | . . . 3 Rammed . | . . . . Targets Rammed . | . . . . Kicked . | . . . . Crushed . | . . . . Highest Temperature 453 | . 357 18 453 Average Temperature 93 | . 88 14 98 Received Heat Transfer 2012 | . 303 303 1406 Effects 8 | . 5 . 3 Interference 8 | . 5 . 3 Siege Activations . | . . . . Robots Corrupted . | . . . . Combat Hostiles . | . . . . Parts Fried . | . . . . Impact Corruptions . | . . . . Robots Melted 1 | . 1 . . Combat Hostiles . | . . . . Parts Melted 15 | . 6 2 7 Heat Transferred 5965 | . 3737 568 1660 Parts Sabotaged . | . . . . Parts Stolen . | . . . . Parts Stripped . | . . . . Power Chain Reactions 1 | . . 1 . Alert | -11 -10 -10 -8 ------- Run | Yrd Mat Sub Mat Peak Influence 1039 | . 205 . 1039 Initial 20 | . . . 20 Average 294 | . 91 . 356 Maximum Alert Level 3 | . 1 . 3 Low Security (%) 46 | . 96 . 30 Level 1 29 | . 3 . 37 Level 2 8 | . . . 10 Level 3 15 | . . . 20 Level 4 . | . . . . Level 5 . | . . . . High Security . | . . . . Max Security . | . . . . Squads Dispatched 13 | . 5 . 8 Investigation 3 | . 2 . 1 Extermination . | . . . . Reinforcement 5 | . 3 . 2 Assault 3 | . . . 3 Garrison 2 | . . . 2 Intercept . | . . . . Searches Triggered . | . . . . Construction Impeded . | . . . . Haulers Reinforced . | . . . . Active Scanning Responses . | . . . . Cargo Convoy Interrupts . | . . . . Stealth | -11 -10 -10 -8 --------- Run | Yrd Mat Sub Mat Distress Signals 4 | . 2 . 2 Communications Jammed . | . . . . Distress Signals . | . . . . Times Spotted 131 | . 32 19 80 Peak Tracking Total 8 | . 4 6 8 Tactical Retreats 9 | . . 4 5 Traps | -11 -10 -10 -8 ------- Run | Yrd Mat Sub Mat Traps Triggered . | . . . . Indirectly . | . . . . Trap Hack Attempts . | . . . . Triggered . | . . . . Disarmed . | . . . . Reprogrammed . | . . . . Reused . | . . . . Traps Extracted . | . . . . Installed 1 | . . 1 . Triggered . | . . . . Most Traps Carried 1 | . . 1 . Machines | -11 -10 -10 -8 ---------- Run | Yrd Mat Sub Mat Machines Disabled 13 | . . . 13 Max in Single Turn 2 | . . . 2 Machines Repaired . | . . . . Machines Dismantled . | . . . . Machines Sabotaged . | . . . . Overloaded Fab Kills . | . . . . Hacking | -11 -10 -10 -8 --------- Run | Yrd Mat Sub Mat Machines Accessed 19 | . 5 1 13 Terminals 13 | . 3 . 10 Fabricators . | . . . . Repair Stations 1 | . . . 1 Recycling Units 2 | . 2 . . Scanalyzers 2 | . . . 2 Garrison Access . | . . . . Total Hacks 63 | . 15 3 45 Successful 38 | . 7 3 28 Failed 25 | . 8 . 17 Catastrophic 5 | . 2 . 3 Database Lockouts . | . . . . Manual 45 | . 10 . 35 Terminals 42 | . 7 . 35 Fabricators . | . . . . Repair Stations 3 | . . . 3 Recycling Units 8 | . 8 . . Scanalyzers 7 | . . . 7 Garrison Access . | . . . . Terminal Hacks 6 | . . 3 3 Record 3 | . . 3 . Branch Access Points 1 | . . . 1 Alert Level 1 | . . . 1 Unreport Threat 1 | . . . 1 Fabricator Hacks . | . . . . Repair Station Hacks 2 | . . . 2 Scan Component 2 | . . . 2 Recycling Unit Hacks 1 | . 1 . . Retrieve Components 1 | . 1 . . Scanalyzer 7 | . . . 7 Insert Component 4 | . . . 4 Analyze 3 | . . . 3 Garrison Access Hacks . | . . . . Unauthorized Hacks 22 | . 6 . 16 Terminals 20 | . 4 . 16 Assimilate 1 | . . . 1 Botnet 11 | . 3 . 8 Operators 3 | . 1 . 2 Skim 5 | . . . 5 Fabricators . | . . . . Repair Stations . | . . . . Recycling Units 2 | . 2 . . Tunnel 2 | . 2 . . Scanalyzers . | . . . . Garrison Access . | . . . . Data Cores Recovered 2 | . . . 2 Used 1 | . . . 1 Hacking Detections 18 | . 5 . 13 Full Trace Events 2 | . . . 2 Feedback Events . | . . . . Feedback Blocked . | . . . . Robot Schematics Acquired . | . . . . Robots Built . | . . . . Authchips . | . . . . Time . | . . . . Total Robot Build Rating . | . . . . Part Schematics Acquired 3 | . . . 3 Parts Built . | . . . . Authchips . | . . . . Time . | . . . . Total Part Build Rating . | . . . . Parts Repaired . | . . . . Time . | . . . . Parts Recycled . | . . . . Recycled Matter . | . . . . Retrieved Matter . | . . . . Retrieved Components 10 | . 10 . . Parts Scanalyzed 3 | . . . 3 Part Schematics Acquired 3 | . . . 3 Parts Damaged . | . . . . Bothacking | -11 -10 -10 -8 ------------ Run | Yrd Mat Sub Mat Used RIF Installer . | . . . . Robots Hacked . | . . . . Non-combat . | . . . . Combat . | . . . . Robot Hacks Applied . | . . . . Relay Couplers Released . | . . . . Fabnet Peak Effective % . | . . . . Robots Rewired . | . . . . Allies Hacked . | . . . . Hacks Repelled . | . . . . Allies | -11 -10 -10 -8 -------- Run | Yrd Mat Sub Mat Total Allies . | . . . . Largest Group . | . . . . Highest-Rated Group . | . . . . Highest-Rated Ally . | . . . . Total Orders . | . . . . Ally Attacks . | . . . . Total Damage . | . . . . Kills . | . . . . Allies Corrupted . | . . . . Allies Melted . | . . . . Intel | -11 -10 -10 -8 ------- Run | Yrd Mat Sub Mat Robot Analysis Total . | . . . . Derelict Logs Recovered 2 | . . 2 . Drone Launches . | . . . . Drone Recoveries . | . . . . Exploration | -11 -10 -10 -8 ------------- Run | Yrd Mat Sub Mat Turns Passed 9645 | . 1717 2253 5675 Spaces Moved 2988 | 1 639 1084 1264 Core 8 | . . . 8 Treads 1213 | . 619 . 594 Legs 172 | 1 20 . 151 Wheels 1595 | . . 1084 511 Hover . | . . . . Flight . | . . . . Fastest Speed 90 | 120 120 90 135 Average Speed 248 | 120 203 130 373 Slowest Speed 3600 | 120 320 195 3600 Overloaded Moves . | . . . . Propulsion Burnouts . | . . . . Robots Hopped . | . . . . Cave-ins Triggered . | . . . . Exploration Rate (%) 52 | 2 87 37 84 Regions Visited 3 Branch Regions 1 Pre-discovered Areas 5 | . 2 1 2 Known Exits Taken . | . . . . Unknown Exits Taken 3 | 1 1 1 . Scrap Searched 2 | . . 2 . Spaces Dug 7 | . . . 7 Terrain Destroyed 129 | . . 6 123 Melee . | . . . . Projectile 69 | . . . 69 AOE 60 | . . 6 54 Terrain Rammed . | . . . . Walls Destroyed . | . . . . Machines Disabled . | . . . . Actions | -11 -10 -10 -8 --------- Run | Yrd Mat Sub Mat Total 4587 | . 893 1819 1875 Wait 938 | . 109 567 262 Move 2985 | . 638 1083 1264 Hop . | . . . . Pick Up 115 | . 27 37 51 Fast Attach 32 | . 2 7 23 Attach 30 | . 5 9 16 Detach 8 | . . 4 4 Swap 37 | . 13 8 16 Drop 107 | . 13 29 65 Fire 279 | . 86 64 129 Melee 55 | . . 10 45 Ram . | . . . . Kick . | . . . . Crush . | . . . . Escape Stasis . | . . . . Rewire . | . . . . Trap 1 | . . 1 . Miscellaneous . | . . . . Route ------- -11/Scrapyard -10/Materials (discovered 3 exits: [*Mat x2] / *Sub) -10/Subcaves (discovered 3 exits: *Mat x2 / [*Rec]) -8/Materials (discovered 3 exits: *Fac x3) History --------- Turn | Location | Event 1 | -11/Scrapyard | Discovered new exit (range 0) 1 | -11/Scrapyard | Entered Materials 309 | -10/Materials | Build established: Mutant 806 | -10/Materials | Discovered new exit (range 10) 1476 | -10/Materials | Discovered new exit (range 16) 1495 | -10/Materials | Discovered new exit (range 10) 1718 | -10/Materials | Entered Subcaves 1900 | -10/Subcaves | Core integrity fell below 50% 1963 | -10/Subcaves | Learned Materials terminal intel 2033 | -10/Subcaves | Curiously followed by a Cobbler waking with a query about "LVR3C" 2124 | -10/Subcaves | Learned location of Zion (-6) 2124 | -10/Subcaves | Discovered new exit (range 8) 2128 | -10/Subcaves | Shifting Twisted Machinery released Mak. Leg 2296 | -10/Subcaves | Visited Clippyterm 2300 | -10/Subcaves | Learned Factory fabricator intel 2513 | -10/Subcaves | A swath of the cavern ceiling suddenly collapsed 2801 | -10/Subcaves | Discovered new exit (range 3) 3027 | -10/Subcaves | Core integrity fell below 20% 3770 | -10/Subcaves | Discovered new exit (range 8) 3971 | -10/Subcaves | Entered Materials 3971 | -8/Materials | Evolved 4 slots: Utility x2, Weapon x2 3972 | -8/Materials | Loaded intel: 12 terminal locations 4184 | -8/Materials | Discovered new exit (range 20) 5028 | -8/Materials | Build established: Hauler-Tank 5657 | -8/Materials | Build established: Hauler-Mutant 6469 | -8/Materials | Discovered new exit (range 16) 6712 | -8/Materials | Garrison activated, responded to threat 6867 | -8/Materials | Build established: Hauler-Tank 7193 | -8/Materials | Learned location of Lower Caves (-7) 7224 | -8/Materials | Learned location of 2 exits from Lower Caves 7256 | -8/Materials | Learned 8 Factory zone layouts 7259 | -8/Materials | Learned location of 1 exit from Lower Caves 7264 | -8/Materials | Learned Factory trap positions 7277 | -8/Materials | Learned location of Lower Caves (-7) 7302 | -8/Materials | Learned Storage terminal intel 7335 | -8/Materials | Learned Storage trap positions 7789 | -8/Materials | Identified exit to Factory 7879 | -8/Materials | Build established: Scavenger-Mutant 8405 | -8/Materials | Build established: Scavenger-Skirmisher 8445 | -8/Materials | Discovered exit to Factory (range 18) 8469 | -8/Materials | Destroyed 7 combat bots 8910 | -8/Materials | Build established: Scavenger-Tank 9171 | -8/Materials | First assault squad dispatched 9422 | -8/Materials | Build established: Gunner 9611 | -8/Materials | Core integrity fell below 50% 9637 | -8/Materials | Garrison activated, responded to threat 9641 | -8/Materials | Core integrity fell below 20% 9646 | -8/Materials | Destroyed by G-47 Trooper with Particle Gun Last Messages --------------- 09629_ Imp. Ion Engine destroyed. 09631_ M-28 Smith repairs Power Amplifier. 09632_ Dropped Hvy. Assault Cannon. 09632_ Hacking Suite destroyed. 09634_ Imp. Treads destroyed. 09637_ Slug penetrates G-47 Trooper. 09637_ G-47 Trooper knocked back. 09637_ G-47 Trooper calls for garrison reinforcements. 09637_ ALERT: Activating Garrison Access M001. 09637_ I-25 Savior destroyed. 09640_ Lgt. Treads destroyed. 09641_ G-47 Trooper knocked back. 09641_ B-36 Bruiser destroyed. 09641_ G-47 Trooper destroyed. 09644_ Hvy. Assault Cannon destroyed. 09645_ Destroyed Lgt. Angular Momentum Engine. 09645_ G-50 Soldier destroyed. 09645_ Imp. Shield Generator destroyed. 09645_ Destroyed Imp. Shield Generator. 09645_ M-28 Smith destroyed. Map ----- +----------------------------------------------------+ | ?????????????+ +?????? | | ?????????????# % #?????? | | ?????????????# % #?????? | | ?????????????### ##### #?????? | | ???????????????# #???? #?????? | | ???????????????#%????? #?????? | | ???????????????# ????????????? | | ???????????????#+????????????? | | ???????????????? ????????????? | | ????????????????"????????????? | | ?????????????????????????????? | | ?????????????????????????????? | | ?????????????????????????????? | | ?????????????????????????????? | | ###????###???????????????????? | | # ? #?#?????????????????? | | # """ # #?????????????????? | | # """"" # #????#Y???????????? | | # """"" ; #### ????????????? | | # " % ?H???????????? | | # g % ??? ???????????? | | # #???? ??????????? | | # = g =[%= ???? #??????????? | | # g*= # #??? #??????????? | | ?# % % #??? ???????????? | | ?# @ # #??? ???????????? | | ??# # #?## ???????????? | | ??### # ## #? ????????????? | | ????# ##?## #? ????????????? | | ????#g#???# ###+####?????????? | | ????# #???# # #?##??##### | | ????# ##### # """ #?# #?# | | ????# " "T" #??# ## "" | | ????######### ##### # "" | | ???????????## ][ " #" "" | | ???????????#"= [[ ##### " | | ???????????#####% ##???### | | ???????????????#"##??????##### | | ???????????????###???????????? | | ?????????????????????????????? | | ?????????????????????????????? | | | | | | | | | | | | | | | | | | | +----------------------------------------------------+ Best States ------------- Heat Dissipation 50 Energy Generation 18 Energy Capacity 265 Matter Stores 300 Matter Capacity 300 Sight Range 20 Terrain Scan Density 10 Armor Coverage 450 Evasion (%) 55 Targeting Accuracy 8 Recoil Reduction 2 Offensive Hacking 10 Item Schematics ----------------- Hacking Suite | -8/Materials | Scanalyzed Imp. Targeting Computer | -8/Materials | Scanalyzed Mak. Axe | -8/Materials | Scanalyzed Robot Schematics ------------------ None Fabricated ------------ Nothing Alien Tech Used ----------------- None Achievements -------------- None Challenges ------------ None Game ------ Seed GreatRingRipteeth Manual? 0 Play Time 01:04:12 Cumulative 139.8 hours Start 2024.11.25 @ 10:56:18 End 2024.11.25 @ 12:22:54 Sessions 11 Manual Loads 0 Difficulty Rogue Special Mode None Game No. 269 Rogue 269 Adventurer 0 Explorer 0 Win Type - Total 0 Types 0/0/0/0/0/0/0/0/0 Lore% 43 Gallery% 41 Achievement% 36 Wizard Run 0 Options --------- Layout 0 ASCII 0 Keyboard 0 Movement Mouse Keybinds 0 Fullscreen 1 Font 24/Smallcaps Map View 91x25 Zoom Use 93% Tactical HUD 1 Map Filters NONE Filters NONE Steam 1 RUN: 61faa9d7-a0a2-4de6-89c4-7026995998f8